 Dungeon Crawl Stone Soup version 0.17-a0-1248-g117de50 (webtiles) character file.

1173 Bull the Shield-Bearer (level 8, -1/70 HPs)
             Began as a Minotaur Fighter on June 5, 2015.
             Slain by an ogre
             ... wielding a +0 giant club
              (15 damage)
             ... on level 5 of the Dungeon.
             The game lasted 00:05:13 (3387 turns).

Bull the Shield-Bearer (Minotaur Fighter)           Turns: 3387, Time: 00:05:13

Health: -1/70      AC:  7    Str: 22    XL:     8   Next: 18%
Magic:  7/7        EV: 10    Int:  5    God:
Gold:   274        SH: 11    Dex: 11    Spells: 0 memorised, 7 levels left

rFire  + . .     SeeInvis .     a - +0 flail
rCold  . . .     Clarity  .     b - +0 scale mail
rNeg   . . .     SustAt   .     c - +0 shield
rPois  .         Gourm    .     (helmet restricted)
rElec  .         Spirit   .     (no cloak)
rCorr  .         Warding  .     (no gloves)
rMut   .         Stasis   .     (no boots)
MR     .....                    (no amulet)
Stlth  ..........               (no ring)
                                t - ring of protection from fire

@: not resistant to hostile enchantments, extremely unstealthy
A: retaliatory headbutt, horns 2
a: no special abilities


You were on level 5 of the Dungeon.
You were not hungry.

You visited 1 branch of the dungeon, and saw 5 of its levels.

You collected 274 gold pieces.

Inventory:

Hand weapons
 a - a +0 flail (weapon)
 A - a +0 shortbow
Armour
 b - a +0 scale mail (worn)
 c - a +0 shield (worn)
Jewellery
 t - a ring of protection from fire (left hand)
Magical devices
 p - a wand of polymorph (24)
 w - a wand of flame (19)
Scrolls
 h - 2 scrolls of remove curse {unknown}
 i - a scroll of noise {unknown}
 k - 4 scrolls of recharging
 l - 3 scrolls of enchant weapon {unknown}
 m - 5 scrolls of identify {unknown}
 n - a scroll of blinking {unknown}
 o - a scroll of teleportation {unknown}
 r - 2 scrolls of magic mapping {unknown}
 v - a scroll of fog {unknown}
 y - a scroll of immolation {unknown}
 B - a scroll of enchant armour {unknown}
Potions
 d - a potion of agility {unknown}
 f - a potion of curing
 g - a potion of brilliance {unknown}
 j - 2 potions of heal wounds
 q - a potion of resistance {unknown}
 z - a potion of degeneration {unknown}
 C - a potion of poison {unknown}
 E - a potion of beneficial mutation {unknown}
Comestibles
 e - 5 bread rations
 s - 2 meat rations
 u - a beef jerky
 x - a royal jelly


   Skills:
 + Level 5.9 Fighting
 + Level 4.9 Maces & Flails
 + Level 6.8 Armour
 + Level 4.0 Dodging
 + Level 0.6 Stealth
 + Level 7.2 Shields


You had 7 spell levels left.
You didn't know any spells.

Dungeon Overview and Level Annotations

Branches:
Dungeon (5/15)
 Temple: D:4-7

Altars:
Dithmenos
Elyvilon
Nemelex Xobeh
Okawaru
Zin
The Shining One

Shops:
D:5 %


Innate Abilities, Weirdness & Mutations

You reflexively headbutt those who attack you in melee.
You have a pair of horns on your head.


Message History

The ogre is lightly wounded.
The ogre barely misses you. You furiously retaliate!
You headbutt the ogre! You barely miss the ogre.
The ogre is heavily wounded.
You block the ogre's attack.
You hit the ogre.
The ogre is severely wounded.
The ogre closely misses you.
You barely miss the ogre.
The ogre is severely wounded.
The ogre hits you with a giant club!
* * * LOW HITPOINT WARNING * * *
You are too injured to fight recklessly!
You are too injured to fight recklessly!
You are too injured to fight recklessly!
Your shield prevents you from hitting the ogre.
You headbutt the ogre, but do no damage.
The ogre is severely wounded.
The ogre hits you with a giant club!
You die...

.## ## ..######.# ..
........... ...
.......#...## #...
.>....# #..# #....
......# #..## #.....
##....# #..## #....#
###.∩.#####...###O...#
##...##.......@....#
#...##.#.........##
##...⌠.⌠.#†.....##
##..._..##....##
#..⌠.⌠####..##
##.....# .....
#..............
#..........<...
#......<.......


You could see an ogre.

Vanquished Creatures
  Eustachio (D:5)
  Menkaure (D:4)
  An ice beast (D:3)
  The ghost of 4thArraOfDagon the Chopper, an average CeGl (D:5)
  A phantom (D:5)
  An ogre (D:4)
  2 scorpions
  2 crimson imps
  2 orc wizards
  An orc priest (D:4)
  Jessica (D:3)
  An iguana (D:5)
  3 worker ants
  A hound skeleton (D:3)
  8 adders
  A shadow imp (D:5)
  4 oozes
  An adder skeleton (D:5)
  A worm (D:3)
  7 giant geckos
  10 orcs
  2 ball pythons (D:1)
  13 bats
  4 giant cockroaches
  11 hobgoblins
  3 jackals (D:3)
  9 kobolds
  A quokka (D:2)
  5 giant newts
  15 goblins
  9 rats
123 creatures vanquished.

Notes
Turn   | Place    | Note
--------------------------------------------------------------
     0 | D:1      | Bull the Minotaur Fighter began the quest for the Orb.
     0 | D:1      | Reached XP level 1. HP: 19/19 MP: 0/0
   184 | D:1      | Reached XP level 2. HP: 25/27 MP: 1/1
   204 | D:1      | Reached skill level 4 in Armour
   367 | D:1      | Reached XP level 3. HP: 30/33 MP: 2/2
  1115 | D:2      | Reached XP level 4. HP: 40/40 MP: 3/3
  1425 | D:3      | Noticed Jessica
  1436 | D:3      | Killed Jessica
  1436 | D:3      | Reached skill level 1 in Dodging
  1659 | D:3      | Reached XP level 5. HP: 44/47 MP: 4/4
  1665 | D:3      | Reached skill level 5 in Shields
  1763 | D:3      | Reached skill level 5 in Armour
  1962 | D:4      | Found a glowing golden altar of the Shining One.
  1962 | D:4      | Found a shadowy altar of Dithmenos.
  1962 | D:4      | Found a white marble altar of Elyvilon.
  1962 | D:4      | Found an iron altar of Okawaru.
  1963 | D:4      | Found a glowing silver altar of Zin.
  2014 | D:4      | Noticed an ice beast
  2034 | D:3      | Killed an ice beast
  2034 | D:3      | Reached XP level 6. HP: 22/53 MP: 5/5
  2332 | D:4      | Reached skill level 6 in Shields
  2363 | D:4      | Noticed Menkaure
  2371 | D:4      | Killed Menkaure
  2371 | D:4      | Reached skill level 5 in Fighting
  2371 | D:4      | Reached XP level 7. HP: 18/61 MP: 6/6
  2710 | D:4      | Noticed an ogre
  2714 | D:4      | Killed an ogre
  2913 | D:5      | Entered Level 5 of the Dungeon
  2998 | D:5      | Noticed Eustachio
  3029 | D:5      | Killed Eustachio
  3286 | D:5      | Noticed 4thArraOfDagon's ghost (average CeGl)
  3293 | D:5      | Killed 4thArraOfDagon's ghost
  3293 | D:5      | Reached skill level 7 in Shields
  3293 | D:5      | Reached XP level 8. HP: 49/70 MP: 7/7
  3363 | D:5      | Found Jefoelas's Food Emporium.
  3366 | D:5      | Found a sparkling altar of Nemelex Xobeh.
  3387 | D:5      | Slain by an ogre

Vault maps used:
D:1:      scummos_arrival_simple_fountains, corexii_item_surrounded_by_moat
D:3:      mrwooster_statue_mirror, uniq_jessica
D:4:      grunt_temple_overflow_open, uniq_menkaure
D:5:      nemelex_xobeh_ov_fountains_minmay, first_bread, serial_shops, shop,
          uniq_eustachio

Action                   |  1- 3 |  4- 6 |  7- 9 || total
-------------------------+-------+-------+-------++-------
Melee: Flail             |    83 |   159 |   122 ||   364
  Use: Potion            |       |     2 |     1 ||     3
       Scroll            |       |     1 |       ||     1
  Eat: Chunk             |       |     5 |     4 ||     9
